 Dungeon Crawl Stone Soup version 0.23.2-1-ga50397a6bc (webtiles) character file.

Game seed: 8089287978662203470

27518 FluffierThanThou the Fighter (level 13, -1/178 HPs)
             Began as a Minotaur Fighter on May 18, 2019.
             Was a Priest of Okawaru.
             Slain by a death knight
             ... wielding a +4 battleaxe
              (5 damage)
             ... on level 12 of the Dungeon.
             The game lasted 00:53:58 (13821 turns).

FluffierThanThou the Fighter (Minotaur Fighter)    Turns: 13821, Time: 00:53:59

Health: -1/178     AC: 26    Str: 24    XL:     13   Next: 4%
Magic:  18/18      EV:  2    Int:  5    God:    Okawaru [***...]
Gold:   1086       SH: 15    Dex: 12    Spells: 12/12 levels left

rFire    . . .     SeeInvis +   J - +2 hand axe (drain)
rCold    . . .     Gourm    .   c - +0 shield
rNeg     + + +     Faith    +   (armour currently unavailable)
rPois    +         Spirit   .   (helmet currently unavailable)
rElec    .         Reflect  .   (cloak currently unavailable)
rCorr    .         Harm     .   (gloves currently unavailable)
MR       +....     NoTele   +   (boots currently unavailable)
Stlth    +++.......             o - amulet of faith
HPRegen  0.39/turn              p - ring of protection from magic
MPRegen  0.16/turn              w - ring of see invisible

@: tree-form, heroism, slowed, very slow
A: (retaliatory headbutt)
a: Heroism, Renounce Religion


You were on level 12 of the Dungeon.
You worshipped Okawaru.
Okawaru was most pleased with you.
You were not hungry.
You were a tree.
You visited 4 branches of the dungeon, and saw 17 of its levels.

You collected 1702 gold pieces.
You spent 616 gold pieces at shops.

Inventory:

Hand Weapons
 b - a +2 mace of holy wrath
 J - a +2 hand axe of draining (weapon)
 K - a +2 scimitar of flaming
Armour
 c - a +0 shield (worn)
 h - a +1 pair of gloves (melded)
 E - a +1 pair of boots (melded)
 S - a +3 crystal plate armour (melded)
Jewellery
 o - an amulet of faith (around neck)
 p - a ring of protection from magic (left branch)
 r - a +4 ring of intelligence
 v - an uncursed ring of flight
 w - a ring of see invisible (right branch)
 x - an uncursed ring of fire
 N - an uncursed ring of resist corrosion
 Q - a -2 ring of evasion
 R - an uncursed amulet of the acrobat
Wands
 l - a wand of random effects (21)
 B - a wand of enslavement (17)
 C - a wand of iceblast (40)
 G - a wand of scattershot (6)
 I - a wand of flame (23)
 P - a wand of polymorph (2)
 U - a wand of clouds (6)
Scrolls
 d - 2 scrolls of amnesia {unknown}
 i - 6 scrolls of remove curse
 m - a scroll of brand weapon {unknown}
 q - a scroll of magic mapping {unknown}
 s - 5 scrolls of enchant weapon {unknown}
 u - 3 scrolls of identify
 y - 2 scrolls of immolation {unknown}
 A - 2 scrolls of blinking {unknown}
 D - 5 scrolls of teleportation
 F - 2 scrolls of random uselessness {unknown}
 H - 3 scrolls of fear {unknown}
 M - 2 scrolls of torment {unknown}
 V - a scroll of summoning {unknown}
Potions
 e - 3 potions of agility
 g - 3 potions of brilliance
 j - 7 potions of curing
 n - 3 potions of degeneration
 t - 2 potions of heal wounds
 z - a potion of mutation
 O - a potion of cancellation
 T - a potion of flight
Miscellaneous
 a - a lamp of fire
Comestibles
 f - 22 rations


   Skills:
 + Level 12.8(17.8) Fighting
 * Level 12.5(17.5) Axes
 + Level 12.4(17.4) Armour
 * Level 12.3(17.3) Shields
 - Level 8.6 Invocations


You had 12 spell levels left.
You didn't know any spells.
Your spell library contained the following spells:

 Spells                   Type           Power        Failure   Level  Hunger
 Shock                    Conj/Air       #...         47%         1    ##.....
 Summon Butterflies       Summ           #.......     47%         1    ##.....
 Swiftness                Chrm/Air       #.......     63%         2    ###....
 Call Canine Familiar     Summ           #.......     85%         3    ####...
 Static Discharge         Conj/Air       #.......     85%         3    ####...
 Airstrike                Air            #.........   99%         4    #####..
 Summon Ice Beast         Ice/Summ       #.......     99%         4    #####..
 Lightning Bolt           Conj/Air       #.........   100%        5    ######.
 Summon Mana Viper        Hex/Summ       #.......     100%        5    ######.
 Summon Hydra             Summ           #.........   100%        7    #######


Dungeon Overview and Level Annotations

Branches:
Dungeon (12/15)            Temple (1/1) D:4            Lair (2/6) D:9
    Orc (2/2) D:9             Elf (0/3) Orc:2
  Swamp: Lair:2-4    Shoals: Lair:2-4     Snake: Lair:2-4    Spider: Lair:2-4

Altars:
Ashenzari
Cheibriados
Dithmenos
Elyvilon
Fedhas
Gozag
Hepliaklqana
Kikubaaqudgha
Makhleb
Nemelex Xobeh
Okawaru
Qazlal
Ru
Sif Muna
Trog
Uskayaw
Vehumet
Wu Jian
Xom
Yredelemnul
Zin
The Shining One

Shops:
D:10 =%[   Orc:1 *   Orc:2 *:[(*

Annotations:
D:3 3 runed translucent doors, Theblade12's ghost, amateur DsWn
D:8 exclusion: 2 downstairs
Orc:1 Sonja
Abyss:1 Snorg


Innate Abilities, Weirdness & Mutations

((You reflexively headbutt those who attack you in melee.))
((You have a pair of horns on your head.))


Message History

* * * LOW HITPOINT WARNING * * *
The freezing wraith freezes you!!
* * * LOW HITPOINT WARNING * * *
The freezing wraith hits you!
* * * LOW HITPOINT WARNING * * *
The freezing wraith drains your vigour!
You feel as though you will be slow longer.
The death knight hits you but does no damage.
The freezing wraith barely misses you.
The freezing wraith hits you but does no damage.
You're too confused!
You feel better.
You feel less invigorated. The freezing wraith hits you.
* * * LOW HITPOINT WARNING * * *
The freezing wraith freezes you!
* * * LOW HITPOINT WARNING * * *
You block the freezing wraith's attack.
The freezing wraith hits you but does no damage.
You block the freezing wraith's attack.
The death knight hits you with a +4 battleaxe.
You die...

########################
................WW......
................♣p......
#####..################.
#..# #..# .# #####..# .#
.......################.#
........................#
.....(.........^........#
........................#


You could see a death knight and 2 freezing wraiths.

Vanquished Creatures
  An orc warlord (Orc:2)
  2 hydras
  Erica (D:10)
  3 two-headed ogres
  2 tengu warriors (D:10)
  2 unseen horrors (D:12)
  A wolf spider zombie (D:9)
  5 orc knights (Orc:2)
  3 orc sorcerers (Orc:2)
  An ugly thing (D:11)
  A centaur zombie (D:11)
  A manticore (D:12)
  Psyche (D:9)
  An elephant (D:9)
  2 spiny frogs
  3 centaur skeletons (D:11)
  A rime drake (Lair:1)
  A freezing wraith (D:12)
  A komodo dragon (Lair:1)
  4 trolls
  2 hippogriffs
  Sigmund (D:2)
  A wraith (D:12)
  A human (D:7)
  7 yaks
  A basilisk (D:12)
  4 hogs (D:7)
  A steam dragon (D:11)
  2 hungry ghosts
  A warg (Orc:2)
  Edmund (D:5)
  2 porcupines (Lair:1)
  A soldier ant (D:11)
  3 water moccasins (Lair:1)
  23 orc warriors
  4 ice beasts
  6 ogres
  5 sky beasts
  A black bear (D:8)
  An eye of draining (D:11)
  3 phantoms
  A centaur (D:10)
  5 crocodiles
  6 bullfrogs
  A wyvern zombie (D:11)
  3 scorpions
  A water moccasin skeleton (D:7)
  4 howler monkeys
  14 wights
  5 crimson imps
  2 quasits
  5 hounds
  6 orc priests
  2 jellies
  2 bullfrog skeletons
  Jessica (D:2)
  4 iguanas
  17 orc wizards
  8 worker ants
  A killer bee zombie (D:7)
  2 worker ant zombies
  4 gnolls (Orc:1)
  A howler monkey skeleton (D:4)
  12 adders
  2 shadow imps
  3 oozes
  2 adder skeletons (D:4)
  4 worms
  2 leopard geckos
  68 orcs
  A giant cockroach (D:1)
  2 goblins
  7 hobgoblins
  6 jackals
  5 quokkas
  3 bats
  4 frilled lizards
  A jackal skeleton (D:5)
  8 kobolds
  9 rats
  A butterfly (D:2)
  4 fungi (Orc:2)
347 creatures vanquished.

Vanquished Creatures (others)
  An orc wizard (Orc:1)
  4 fungi (Orc:2)
  A plant (D:7)
6 creatures vanquished.

Grand Total: 353 creatures vanquished

Notes
Turn   | Place    | Note
-------+----------+-------------------------------------------
     0 | D:1      | FluffierThanThou the Minotaur Fighter began the quest for
                  | the Orb.
     0 | D:1      | Reached XP level 1. HP: 19/19 MP: 0/0
   156 | D:1      | Reached XP level 2. HP: 27/27 MP: 1/1
   431 | D:2      | Found a shimmering altar of Xom.
   455 | D:2      | Noticed Jessica
   457 | D:2      | Noticed a phantom
   471 | D:2      | Reached XP level 3. HP: 28/33 MP: 2/2
   481 | D:2      | Killed Jessica
   488 | D:2      | Killed a phantom
   488 | D:2      | Reached skill level 5 in Armour
   488 | D:2      | Reached XP level 4. HP: 18/41 MP: 3/3
   488 | D:2      | Reached XP level 5. HP: 21/47 MP: 4/4
   697 | D:2      | Noticed Sigmund
   826 | D:2      | Reached skill level 5 in Fighting
  1019 | D:2      | Killed Sigmund
  1019 | D:2      | Reached XP level 6. HP: 47/57 MP: 5/5
  1465 | D:3      | Noticed Theblade12's ghost (amateur DsWn)
  1479 | D:3      | Found a hide-covered altar of Uskayaw.
  1523 | D:3      | Found a runed translucent gate.
  1553 | D:3      | Found a runed translucent gate.
  1554 | D:3      | Found a runed translucent gate.
  1557 | D:3      | Found an iron altar of Okawaru.
  1626 | D:3      | Found a glowing silver altar of Zin.
  1627 | D:3      | Found a glowing golden altar of the Shining One.
  1713 | D:3      | Reached skill level 5 in Shields
  1756 | D:3      | Found an ancient bone altar of Kikubaaqudgha.
  1757 | D:3      | Found a blossoming altar of Fedhas.
  1817 | D:3      | Found an opulent altar of Gozag.
  2157 | D:4      | Reached XP level 7. HP: 63/63 MP: 6/6
  2203 | D:4      | Found a staircase to the Ecumenical Temple.
  2211 | Temple   | Entered the Ecumenical Temple
  2303 | D:3      | Became a worshipper of Warmaster Okawaru
  2731 | D:5      | Entered Level 5 of the Dungeon
  2849 | D:5      | Reached * piety under Okawaru
  2894 | D:5      | Reached skill level 5 in Axes
  2894 | D:5      | Reached XP level 8. HP: 26/73 MP: 7/7
  3345 | D:5      | Noticed Edmund
  3368 | D:5      | Killed Edmund
  4725 | D:7      | Reached skill level 1 in Invocations
  5109 | D:7      | Reached ** piety under Okawaru
  5110 | D:7      | Reached XP level 9. HP: 59/82 MP: 8/10
  5399 | D:7      | Reached *** piety under Okawaru
  5672 | D:7      | Found an ancient bone altar of Kikubaaqudgha.
  6094 | D:8      | Found a burning altar of Makhleb.
  6265 | D:8      | Reached skill level 10 in Armour
  6463 | D:8      | Noticed a two-headed ogre
  6469 | D:8      | Killed a two-headed ogre
  6469 | D:8      | Reached **** piety under Okawaru
  6469 | D:8      | Reached skill level 10 in Fighting
  6469 | D:8      | Reached skill level 5 in Invocations
  6469 | D:8      | Reached XP level 10. HP: 93/93 MP: 9/12
  6517 | D:9      | Found a sacrificial altar of Ru.
  6737 | D:9      | Found a staircase to the Lair.
  6737 | D:9      | Noticed an elephant
  6772 | D:9      | Noticed Psyche
  6917 | D:9      | Noticed a two-headed ogre
  6924 | D:9      | Killed a two-headed ogre
  7276 | D:9      | Reached ***** piety under Okawaru
  7323 | D:9      | Found a staircase to the Orcish Mines.
  7398 | D:9      | Received a gift from Okawaru
  7399 | D:9      | Killed Psyche
  7466 | D:9      | Killed an elephant
  7553 | Lair:1   | Entered Level 1 of the Lair of Beasts
  7563 | Lair:1   | Reached XP level 11. HP: 92/102 MP: 12/14
  7899 | Lair:1   | Noticed a four-headed hydra
  7970 | Lair:1   | Killed a 16-headed hydra
  8625 | D:10     | Entered Level 10 of the Dungeon
  8653 | D:10     | Found a hazy altar of Hepliaklqana.
  8849 | D:10     | Reached skill level 10 in Axes
  8867 | D:10     | Found Yczoewkatesk's Food Shoppe.
  8909 | D:10     | Noticed a tengu warrior
  8911 | D:10     | Noticed a tengu warrior
  8929 | D:10     | Killed a tengu warrior
  8945 | D:10     | Killed a tengu warrior
  8945 | D:10     | Reached skill level 10 in Shields
  8979 | D:10     | Noticed Erica
  8999 | D:10     | Killed Erica
  8999 | D:10     | Received a gift from Okawaru
  9209 | D:10     | Found Guptox's Jewellery Boutique.
  9332 | D:10     | Found Pag Hut's Armour Shop.
  9669 | Orc:1    | Entered Level 1 of the Orcish Mines
  9892 | Orc:2    | Entered Level 2 of the Orcish Mines
  9897 | Orc:2    | Found a burning altar of Makhleb.
  9950 | Orc:2    | Noticed an orc knight
  9951 | Orc:2    | Noticed an orc warlord
  9954 | Orc:2    | Found Soxty's Antique Armour Emporium.
  9955 | Orc:2    | Noticed an orc sorcerer
  9955 | Orc:2    | Noticed an orc knight
  9976 | Orc:2    | Killed an orc warlord
  9976 | Orc:2    | Received a gift from Okawaru
  9986 | Orc:2    | Killed an orc sorcerer
  9986 | Orc:2    | Reached XP level 12. HP: 58/112 MP: 10/16
 10288 | Orc:2    | Received a gift from Okawaru
 10346 | Orc:2    | Found Hangetz's General Store.
 10648 | Orc:2    | Bought a scroll of remove curse for 39 gold pieces
 10739 | Orc:2    | Found Mesemeiw's Book Emporium.
 10911 | Orc:2    | Found Fimn's Antique Weapon Shop.
 10919 | Orc:2    | Bought a glowing war axe for 208 gold pieces
 10946 | Orc:2    | Found Bumiuttioso's General Store.
 10950 | Orc:2    | Bought a scroll of teleportation for 54 gold pieces
 10950 | Orc:2    | Bought a scroll of enchant armour for 135 gold pieces
 10964 | Orc:2    | Found a staircase to the Elven Halls.
 10966 | Orc:1    | Noticed Sonja
 10966 | Orc:1    | Noticed Snorg
 10978 | Orc:1    | Banished Snorg
 11302 | Orc:1    | Found Heoss's Assorted Antiques.
 11310 | Orc:1    | Bought a scroll of enchant armour for 180 gold pieces
 11902 | Lair:2   | Noticed an eight-headed hydra
 11915 | Lair:2   | Killed a two-headed hydra
 12050 | Lair:2   | Noticed a four-headed hydra
 12057 | Lair:2   | Noticed an emperor scorpion
 12057 | Lair:2   | a four-headed hydra changed into an emperor scorpion
 12525 | D:11     | Noticed a two-headed ogre
 13174 | D:11     | Killed a two-headed ogre
 13623 | D:12     | Reached XP level 13. HP: 119/119 MP: 18/18
 13821 | D:12     | HP: 4/178 [freezing wraith[a death knight] (13)]
 13821 | D:12     | Slain by a death knight

Skill      XL: |  1  2  3  4  5  6  7  8  9 10 11 12 |
---------------+-------------------------------------+-----
Fighting       | 4 5 6 7 8 10 11 12 | 12.8
Armour         | 4 5 6 7 8 10 11 12 | 12.4
Shields        | 4 5 6 7 8 10 12 | 12.3
Axes           | 3 4 5 6 9 10 12 | 12.5
Invocations    | 3 5 7 8 |  8.6

Action                   |  1- 3 |  4- 6 |  7- 9 | 10-12 | 13-15 || total
-------------------------+-------+-------+-------+-------+-------++-------
Melee: War axe           |    50 |   127 |   232 |    64 |       ||   473
       Headbutt          |     5 |    14 |    58 |   195 |    10 ||   282
       Hand axe          |       |       |    53 |   650 |    48 ||   751
       Scimitar          |       |       |       |    15 |       ||    15
Invok: Heroism           |       |       |     5 |    21 |     2 ||    28
       Finesse           |       |       |       |    10 |       ||    10
Evoke: Wand              |       |       |       |     4 |       ||     4
  Use: Potion            |     2 |     2 |     2 |     7 |     4 ||    17
       Scroll            |       |       |       |    11 |       ||    11
  Eat: Chunk             |       |     4 |     4 |    10 |       ||    18
       Ration            |       |       |     3 |     5 |       ||     8
Armor: Scale mail        |    28 |    32 |       |       |       ||    60
       Plate armour      |       |    18 |   147 |   197 |       ||   362
       Crystal plate arm |       |       |       |   139 |    13 ||   152
       Skin              |       |       |       |       |    25 ||    25
Dodge: Dodged            |    18 |    20 |    50 |   146 |     7 ||   241
Block: Shield            |    29 |    71 |   150 |   402 |    45 ||   697
